 Dungeon Crawl Stone Soup version 0.21-a0-401-g0b6bec4 (webtiles) character file.

1197 pareto the Stinger (level 8, -1/48 HPs)
             Began as an Octopode Venom Mage on Oct 22, 2017.
             Was a Follower of Vehumet.
             Killed from afar by an orc wizard (14 damage)
             ... with a puff of frost
             ... on level 6 of the Dungeon.
             The game lasted 00:15:44 (8126 turns).

pareto the Stinger (Octopode Venom Mage)            Turns: 8126, Time: 00:15:45

Health: -1/48      AC:  1    Str:  7    XL:     8   Next: 44%
Magic:  11/14      EV: 18    Int: 19    God:    Vehumet [*.....]
Gold:   29         SH:  6    Dex: 13    Spells: 4/15 levels left

rFire    . . .     SeeInvis .   A - +4 dagger (holy)
rCold    . . .     Gourm    .   F - +2 buckler
rNeg     . . .     Faith    .   (helmet restricted)
rPois    .         Spirit   .   I - amulet of magic regeneration
rElec    .         Reflect  .   y - +5 ring of evasion
rCorr    .         Harm     .   (no ring)
MR       .....                  (no ring)
Stlth    ++++......             (no ring)
HPRegen  0.16/turn              (no ring)
MPRegen  0.39/turn              (no ring)
                                (no ring)
                                (no ring)

@: very slightly contaminated
A: almost no armour, stealthy swim, amphibious, 8 rings, constrict 8, camouflage
1, gelatinous body 1
a: Renounce Religion


You were on level 6 of the Dungeon.
You worshipped Vehumet.
Vehumet was aware of your devotion.
You were not hungry.

You visited 2 branches of the dungeon, and saw 7 of its levels.

You collected 389 gold pieces.
You spent 360 gold pieces at shops.

Inventory:

Hand Weapons
 e - a +0 dagger
 l - a +0 dagger
 t - a +4 dagger
 A - a +4 dagger of holy wrath (weapon)
Missiles
 D - 3 throwing nets (quivered)
Armour
 F - a +2 buckler (worn)
Jewellery
 y - a +5 ring of evasion (left tentacle)
 I - an amulet of magic regeneration (around mantle)
Wands
 d - a wand of polymorph (7/24)
 r - a wand of clouds (1/9)
 v - a wand of flame (48/48)
Scrolls
 g - 2 scrolls of blinking
 j - 5 scrolls of recharging
 o - a scroll of teleportation
 q - 2 scrolls of amnesia
 w - 2 scrolls of identify
 E - a scroll of fear {unknown}
Potions
 c - a potion of lignification
 h - a potion of ambrosia
 i - 3 potions of flight
 m - 3 potions of degeneration {unknown}
 n - a potion of agility {unknown}
 p - a potion of resistance {unknown}
 u - 2 potions of might {unknown}
 C - 2 potions of heal wounds {unknown}
 G - a potion of magic {unknown}
 H - a potion of haste {unknown}
Books
 a - a Young Poisoner's Handbook

   Spells                             Type                      Level
   a - Sting                          Conjuration/Poison           1
   b - Poisonous Vapours              Poison/Air                   2
   c - Mephitic Cloud                 Conjuration/Poison/Air       3
   d - Olgreb's Toxic Radiance        Poison                       4
   e - Venom Bolt                     Conjuration/Poison           5
 z - a book of Minor Magic

   Spells                             Type                      Level
   a - Magic Dart                     Conjuration                  1
   b - Blink                          Translocation                2
   c - Call Imp                       Summoning                    2
   d - Slow                           Hexes                        2
   e - Conjure Flame                  Conjuration/Fire             3
   f - Mephitic Cloud                 Conjuration/Poison/Air       3
Comestibles
 b - 5 bread rations
 f - 2 meat rations
 s - a royal jelly
 x - 4 fruits
 B - 2 chunks of flesh


   Skills:
 + Level 1.2 Fighting
 - Level 2.0 Dodging
 + Level 6.2 Stealth
 + Level 1.2 Shields
 + Level 4.0 Spellcasting
 * Level 5.7 Conjurations
 - Level 7.2 Poison Magic


You had 4 spell levels left.
You knew the following spells:

 Your Spells              Type           Power        Failure   Level  Hunger
a - Blink                 Tloc           N/A          28%         2    ##.....
b - Poisonous Vapours     Pois/Air       ###...       7%          2    ##.....
c - Olgreb's Toxic Radia  Pois           ####....     10%         4    ####...
d - Conjure Flame         Conj/Fire      ##......     19%         3    ###....


Dungeon Overview and Level Annotations

Branches:
Dungeon (6/15)             Temple (1/1) D:4

Altars:
Cheibriados
Dithmenos
Fedhas
Gozag
Hepliaklqana
Makhleb
Ru
Sif Muna
Trog
Vehumet
Wu Jian
Yredelemnul
Zin
The Shining One

Shops:
D:5 =


Innate Abilities, Weirdness & Mutations

You cannot wear most types of armour.
You are very stealthy in the water. (Stealth+)
You are amphibious.
You can wear up to eight rings at the same time.
You can use your tentacles to constrict eight enemies at once.
Your skin changes colour to match your surroundings (Stealth+).
Your rubbery body absorbs attacks. (AC +1, EV +1)


Message History

Poisonous vapours surround the orc!
The bullfrog croaks.
The orc is engulfed in poison gas.
The orc is poisoned.
You kill the orc!
Vehumet accepts your kill. Something hits you but does no damage.
Found a stone staircase leading down.
Unknown command.
Unknown command.
Unknown command.
You feel better. The bullfrog hits you! Something hits you.
* * * LOW HITPOINT WARNING * * *
The bullfrog closely misses you. The bullfrog misses you.
The bullfrog hits you.
* * * LOW HITPOINT WARNING * * *
You hear some strange, mumbled words.
A puff of frost appears from out of thin air!
The puff of frost hits you!
You die...

...... ...... ......#
#.. ...... .....###...
.).... ##.> ......#..#
.......#... .......#
...........####.....#
....# #............##
.#### #.............#
[.### ##.......F@....#
....###..........#..##
......#....##..### .#
.##.......##..## # .#
##....##..## .#
#..##..## .# #...).##
.## ##.....##
..###..........


You could see a bullfrog.

Vanquished Creatures
  An orc warrior (D:6)
  An ogre (D:4)
  A scorpion (D:5)
  A howler monkey (D:4)
  A crimson imp (D:5)
  A jelly (D:5)
  2 hounds (D:5)
  6 orc wizards
  2 orc priests
  A centaur skeleton (D:4)
  Jessica (D:2)
  Natasha (thrice) (D:2)
  4 iguanas
  5 worker ants
  A hound skeleton (D:5)
  Robin (D:2)
  3 gnolls (D:3)
  4 adders
  An ooze (D:3)
  2 worms
  6 leopard geckos
  22 orcs
  4 giant cockroaches
  11 goblins
  10 hobgoblins
  14 jackals
  6 kobolds
  A quokka (D:5)
  3 ball pythons
  2 bats
  3 frilled lizards
  A jackal skeleton (D:5)
  11 rats
136 creatures vanquished.

Notes
Turn   | Place    | Note
-------+----------+-------------------------------------------
     0 | D:1      | pareto the Octopode Venom Mage began the quest for the Orb.
     0 | D:1      | Reached XP level 1. HP: 11/11 MP: 3/3
   376 | D:1      | Reached XP level 2. HP: 12/17 MP: 3/5
   524 | D:1      | Reached skill level 4 in Poison Magic
   957 | D:1      | Learned a level 2 spell: Poisonous Vapours
  1083 | D:1      | Reached XP level 3. HP: 21/21 MP: 6/6
  1269 | D:2      | Noticed Robin
  1315 | D:2      | Noticed Jessica
  1725 | D:2      | Noticed Natasha
  1730 | D:2      | Killed Natasha
  1824 | D:2      | Reached XP level 4. HP: 27/27 MP: 2/7
  1829 | D:2      | Noticed Natasha
  1902 | D:2      | Killed Natasha
  1948 | D:2      | Noticed Natasha
  2028 | D:2      | Killed Natasha
  2407 | D:2      | Found a bloodstained altar of Trog.
  2413 | D:2      | Reached XP level 5. HP: 26/31 MP: 3/8
  2420 | D:2      | Killed Robin
  2708 | D:2      | Killed Jessica
  2708 | D:2      | Reached skill level 5 in Poison Magic
  2978 | D:2      | Learned a level 4 spell: Olgreb's Toxic Radiance
  3327 | D:3      | Found a glowing silver altar of Zin.
  3387 | D:3      | Reached XP level 6. HP: 20/36 MP: 1/10
  5394 | D:4      | Reached skill level 6 in Poison Magic
  5430 | D:4      | Learned a level 3 spell: Conjure Flame
  5481 | D:4      | Reached XP level 7. HP: 34/41 MP: 5/11
  5688 | D:4      | Found a burning altar of Makhleb.
  5688 | D:4      | Noticed a cacodemon
  5781 | D:4      | Reached skill level 5 in Stealth
  5848 | D:4      | Found a staircase to the Ecumenical Temple.
  5873 | Temple   | Entered the Ecumenical Temple
  5940 | Temple   | Became a worshipper of Vehumet
  6269 | D:5      | Entered Level 5 of the Dungeon
  6828 | D:5      | Reached skill level 5 in Conjurations
  6828 | D:5      | Reached skill level 7 in Poison Magic
  6828 | D:5      | Reached XP level 8. HP: 43/46 MP: 13/13
  6979 | D:5      | Learned a level 2 spell: Blink
  7498 | D:5      | Found Cekias's Jewellery Boutique.
  7639 | D:5      | Bought an uncursed amulet of magic regeneration for 360 gold pieces
  8091 | D:6      | Reached skill level 1 in Fighting
  8091 | D:6      | Reached skill level 1 in Shields
  8120 | D:6      | Reached * piety under Vehumet
  8120 | D:6      | Offered knowledge of Freeze by Vehumet.
  8126 | D:6      | Killed from afar by an orc wizard

Vault maps used:
D:1:      saegor_arrival_simple_d, serial_park_tiny_pond, minmay_misc_feat_tiny,
          st_stairs_14
D:2:      lemuel_doored_altar, uniq_jessica, uniq_robin, uniq_natasha
D:3:      old_standard_altar, kennysheep_another_room, minmay_misc_feat_encased,
          minmay_randomly_rotated_circles
D:4:      minmay_temple_entry_large_hall, first_bread,
          minmay_misc_feat_secret_circle, makhleb_altar_promises_db
D:5:      serial_shops, shop, minmay_misc_feat_square, minmay_misc_feat_rows,
          minmay_misc_feat_cross
D:6:      kiku_gazebo_pond_becter, minmay_overflow_temple_star_hex,
          okawaru_gym_becter
Temple:   minmay_temple_bridge_abc

Skill      XL: |  1  2  3  4  5  6  7  8 |
---------------+-------------------------+-----
Stealth        | 3 4 5 6 |  6.2
Poison Magic   | 4 5 6 7 |  7.2
Conjurations   | 2 3 4 5 |  5.7
Spellcasting   | 3 4 |  4.0
Fighting       | 1 |  1.2
Shields        | 1 |  1.2
Dodging        | |  2.0

Action                   |  1- 3 |  4- 6 |  7- 9 || total
-------------------------+-------+-------+-------++-------
Melee: Dagger            |    37 |   112 |    87 ||   236
       Constrict         |    11 |    26 |    22 ||    59
       Tentacles         |     1 |    19 |    17 ||    37
 Cast: Sting             |    22 |     7 |       ||    29
       Poisonous Vapours |     5 |    50 |    35 ||    90
       Olgreb's Toxic Ra |       |       |     1 ||     1
  Use: Scroll            |     1 |     1 |    12 ||    14
       Potion            |       |       |     2 ||     2
 Stab: Sleeping          |     8 |     7 |     6 ||    21
       Distracted        |     1 |       |       ||     1
  Eat: Chunk             |     3 |    10 |     5 ||    18
       Bread ration      |       |     1 |       ||     1
       Meat ration       |       |       |     1 ||     1
Armor: Skin              |     8 |     4 |     4 ||    16
Dodge: Dodged            |    40 |    97 |    47 ||   184
Block: Buckler           |       |    16 |    13 ||    29

Table legend:
 A = Spawn XP
 B = Non-spawn XP
 C = Spawn XP percentage of total XP
 D = Spawn monster count
 E = Non-spawn monster count
 F = Spawn count percentage of total count
 G = Total turns spent on level
                    A         B        C        D         E        F      G
               +---------+---------+-------+---------+---------+-------+---------
         Total |       0 |    1710 |   0.0 |       0 |     136 |   0.0 |  8126
               +---------+---------+-------+---------+---------+-------+---------
           D:1 |       0 |      46 |   0.0 |       0 |      29 |   0.0 |  2017
           D:2 |       0 |     188 |   0.0 |       0 |      22 |   0.0 |  1231
           D:3 |       0 |     234 |   0.0 |       0 |      28 |   0.0 |  1747
           D:4 |       0 |     448 |   0.0 |       0 |      25 |   0.0 |  1181
           D:5 |       0 |     521 |   0.0 |       0 |      23 |   0.0 |  1592
           D:6 |       0 |     273 |   0.0 |       0 |       9 |   0.0 |   265
               +---------+---------+-------+---------+---------+-------+---------
